 Dungeon Crawl Stone Soup version 0.24-a0-139-geb6712d (webtiles) character file.

Game seed: 9900536675654007293

708 Anon1729 the Ruffian (level 7, -5/48 HPs)
             Began as an Octopode Fighter on Mar 2, 2019.
             Was an Initiate of Ru.
             Slain by an orc
             ... wielding a +0 short sword
              (7 damage)
             ... on level 5 of the Dungeon.
             The game lasted 00:10:03 (4613 turns).

Anon1729 the Ruffian (Octopode Fighter)             Turns: 4613, Time: 00:10:05

Health: -5/48      AC:  1    Str: 17    XL:     7   Next: 67%
Magic:  7/8        EV: 12    Int: 11    God:    Ru [......]
Gold:   154        SH:  9    Dex: 11    Spells: 7/7 levels left

rFire    . . .     SeeInvis .     - Unarmed
rCold    . . .     Gourm    .   a - +0 shield
rNeg     . . .     Faith    .   (helmet restricted)
rPois    .         Spirit   .   (no amulet)
rElec    .         Reflect  .   o - ring of flight
rCorr    .         Harm     .   (no ring)
MR       .....                  (no ring)
Stlth    +++.......             (no ring)
HPRegen  0.16/turn              (no ring)
MPRegen  0.11/turn              (no ring)
                                (no ring)
                                (no ring)

@: no status effects
A: almost no armour, stealthy swim, amphibious, 8 rings, constrict 8, camouflage
1, gelatinous body 1
a: Renounce Religion, Evoke Flight


You were on level 5 of the Dungeon.
You worshipped Ru.
Ru was noncommittal.
You were hungry.

You visited 2 branches of the dungeon, and saw 6 of its levels.

You collected 154 gold pieces.

Inventory:

Hand Weapons
 r - a +0 blowgun
 v - a +4 quarterstaff of chaos
Missiles
 h - 11 javelins (quivered)
 m - 8 needles of sleeping
 s - 6 poisoned needles
Armour
 a - a +0 shield (worn)
Jewellery
 o - a ring of flight (left tentacle)
Wands
 u - a wand of iceblast (11)
 x - a wand of acid (6)
Scrolls
 d - 5 scrolls of remove curse {unknown}
 f - 2 scrolls of teleportation {unknown}
 i - 4 scrolls of fog {unknown}
 j - 3 scrolls of identify {unknown}
 k - a scroll of random uselessness {unknown}
 l - a scroll of fear {unknown}
 p - 2 scrolls of magic mapping {unknown}
 t - a scroll of noise {unknown}
Potions
 b - a potion of might
 e - 3 potions of curing
 g - a potion of agility {unknown}
 n - a potion of heal wounds {unknown}
 q - a potion of invisibility {unknown}
 w - a potion of mutation {unknown}
Comestibles
 c - 5 rations


   Skills:
 + Level 4.1 Fighting
 - Level 0.5 Throwing
 + Level 4.5 Dodging
 + Level 4.1 Stealth
 + Level 4.6 Shields
 + Level 4.9 Unarmed Combat
 + Level 0.8 Spellcasting


You had 7 spell levels left.
You didn't know any spells.
Your spell library contained the following spells:

 Spells                   Type           Power        Failure   Level  Hunger
 Beastly Appendage        Tmut           #.....       77%         1    ##.....
 Sticks to Snakes         Tmut           #.......     88%         2    ###....
 Spider Form              Tmut/Pois      #.........   98%         3    ####...
 Ice Form                 Ice/Tmut       #.......     100%        4    #####..
 Blade Hands              Tmut           #.........   100%        5    ######.


Dungeon Overview and Level Annotations

Branches:
Dungeon (5/15)             Temple (1/1) D:4

Altars:
Ashenzari
Cheibriados
Dithmenos
Elyvilon
Fedhas
Kikubaaqudgha
Makhleb
Nemelex Xobeh
Qazlal
Ru
Sif Muna
Trog
Uskayaw
Vehumet
Wu Jian
Yredelemnul
Zin

Annotations:
D:2 Sigmund


Innate Abilities, Weirdness & Mutations

You cannot wear most types of armour.
You are very stealthy in the water. (Stealth+)
You are amphibious.
You can wear up to eight rings at the same time.
You can use your tentacles to constrict eight enemies at once.
Your skin changes colour to match your surroundings (Stealth+).
Your rubbery body absorbs attacks. (AC +1, EV +1)


Message History

You tentacle-slap the centaur. You squeeze the centaur.
The centaur is severely wounded.
You block the centaur's attack. The orc hits you with a +0 short sword.
You tentacle-slap the orc. You grab the orc.
The orc is lightly wounded.
You constrict the orc. The centaur hits you.
* * * LOW HITPOINT WARNING * * *
The orc barely misses you. The centaur hits you!
* * * LOW HITPOINT WARNING * * *
Unknown command.
Evoke which item? (* to show all) (? for menu, Esc to quit)
Aiming: Corrosive Bolt
Press: ? - help, Shift-Dir - straight line, f - centaur
Aim: a centaur (severely wounded)
The bolt of acid hits the centaur!
The centaur is splashed with acid.
The acid corrodes the centaur!
You kill the centaur!
Your Stealth skill increases to level 4!
You constrict the orc. The orc hits you with a +0 short sword!
You die...

#.#. #.#.# ##.#.##
#### #.....## #.>
#......###.#
##.......##.#
#.......(...# #
#......(.#..####.###
#...)@o.##..........
#................##
#..########[######
#... #.# ##.# #.#
#.#.# #.# #.#.# #.#
#.#.######.#
#.#.##.....#


You could see an orc.

Vanquished Creatures
  A centaur (D:5)
  A scorpion (D:4)
  A centaur zombie (D:5)
  Crazy Yiuf (D:4)
  A hound (D:4)
  A bullfrog skeleton (D:2)
  Jessica (D:2)
  Natasha (thrice) (D:3)
  Ijyb (D:4)
  An iguana (D:4)
  4 orc wizards
  8 adders
  4 gnolls
  An ooze (D:1)
  3 dart slugs
  3 leopard geckos
  8 orcs
  5 giant cockroaches
  10 goblins
  9 hobgoblins
  3 jackals (D:1)
  2 quokkas
  2 ball pythons
  4 bats
  4 frilled lizards
  5 kobolds
  6 rats
93 creatures vanquished.

Notes
Turn   | Place    | Note
-------+----------+-------------------------------------------
     0 | D:1      | Anon1729 the Octopode Fighter began the quest for the Orb.
     0 | D:1      | Reached XP level 1. HP: 16/16 MP: 1/1
   217 | D:1      | Reached XP level 2. HP: 20/21 MP: 2/2
   537 | D:1      | Reached XP level 3. HP: 20/26 MP: 3/3
   897 | D:2      | Reached skill level 1 in Stealth
   897 | D:2      | Reached XP level 4. HP: 16/31 MP: 4/4
  1097 | D:2      | Found a snail-covered altar of Cheibriados.
  1164 | D:2      | Reached XP level 5. HP: 27/36 MP: 5/5
  1175 | D:2      | Found a burning altar of Makhleb.
  1193 | D:2      | Noticed Sigmund
  1527 | D:2      | Noticed Jessica
  1546 | D:2      | Killed Jessica
  1938 | D:3      | Noticed Natasha
  1941 | D:3      | Killed Natasha
  1965 | D:3      | Noticed Natasha
  1973 | D:3      | Killed Natasha
  2001 | D:3      | Reached XP level 6. HP: 28/43 MP: 6/6
  2438 | D:3      | Noticed Natasha
  2444 | D:3      | Killed Natasha
  2774 | D:4      | Noticed an ice beast
  3210 | D:4      | Found a staircase to the Ecumenical Temple.
  3219 | Temple   | Entered the Ecumenical Temple
  3279 | Temple   | Became a worshipper of Ru the Awakened
  3619 | D:3      | Reached XP level 7. HP: 41/47 MP: 7/7
  3817 | D:4      | Found a runed translucent door.
  3818 | D:4      | Noticed Crazy Yiuf
  3826 | D:4      | Killed Crazy Yiuf
  3923 | D:4      | Noticed Ijyb
  4261 | D:4      | Killed Ijyb
  4552 | D:5      | Entered Level 5 of the Dungeon
  4612 | D:5      | HP: 2/48 [centaur (9)]
  4613 | D:5      | Slain by an orc

Levels and vault maps discovered:
D:1:      ebering_trefoil_3fold, layout_rooms
D:2:      layout_loops_ring, nicolae_overflow_hidden_temple,
          cheibriados_altar_1, uniq_sigmund, uniq_jessica
D:3:      layout_basic, uniq_natasha
D:4:      layout_loops_ring, temple_pool_b, first_ration,
          uniq_crazy_yiuf_cottage, uniq_ijyb
D:5:      layout_loops_ring, serial_shops, nicolae_shop_statue_plus,
          uniq_menkaure
Temple:   eino_wide_crystal_templ

Skill      XL: |  1  2  3  4  5  6  7 |
---------------+----------------------+-----
Stealth        | 1 2 3 4 |  4.1
Unarmed Combat | 3 4 |  4.9
Dodging        | 4 |  4.5
Shields        | 4 |  4.6
Fighting       | 4 |  4.1
Throwing       | |  0.5
Spellcasting   | |  0.8

Action                   |  1- 3 |  4- 6 |  7- 9 || total
-------------------------+-------+-------+-------++-------
Melee: Unarmed           |    63 |   135 |    38 ||   236
       Constrict         |    18 |    40 |     6 ||    64
       Tentacles         |    12 |    35 |     6 ||    53
       Punch             |     3 |     2 |     1 ||     6
 Fire: Blowgun           |       |       |    14 ||    14
Evoke: Wand              |       |       |     1 ||     1
  Use: Potion            |       |     2 |       ||     2
 Stab: Sleeping          |     5 |     3 |       ||     8
       Distracted        |       |     1 |       ||     1
  Eat: Chunk             |       |     9 |     2 ||    11
Armor: Skin              |    15 |     8 |     1 ||    24
Dodge: Dodged            |    33 |    62 |    21 ||   116
Block: Shield            |    33 |    63 |    13 ||   109

Table legend:
 A = Non-vault XP
 B = Vault XP
 C = Vault XP percentage of total XP
 D = Non-vault monster count
 E = Vault monster count
 F = Vault count percentage of total count
                 A         B        C        D         E       F
            +---------+---------+-------+---------+---------+-------
      Total |     862 |     150 |  14.8 |      89 |       4 |   4.3
            +---------+---------+-------+---------+---------+-------
        D:1 |      57 |       0 |   0.0 |      19 |       0 |   0.0
        D:2 |     125 |      37 |  22.8 |      23 |       1 |   4.2
        D:3 |     238 |      37 |  13.5 |      27 |       1 |   3.6
        D:4 |     288 |      76 |  20.9 |      18 |       2 |  10.0
        D:5 |     154 |       0 |   0.0 |       2 |       0 |   0.0
            +---------+---------+-------+---------+---------+-------
